 Dungeon Crawl Stone Soup version 0.31-a0-198-g2ad674f65e (webtiles) character file.

Game seed: 4603139303824879776

189 qw the Skirmisher (level 5, -3/29 HPs)
             Began as a Deep Elf Hunter on June 25, 2023.
             Slain by a gnoll
             ... wielding a +0 halberd
             ... led by a gnoll bouda
              (7 damage)
             ... on level 4 of the Dungeon.
             The game lasted 00:01:01 (2337 turns).

qw the Skirmisher (Deep Elf Hunter)                 Turns: 2337, Time: 00:01:02

Health: -3/29      AC:  7    Str:  9 (10) XL:     5   Next: 40%
Magic:  7/7        EV: 10    Int: 14      God:
Gold:   228        SH:  0    Dex: 17 (18) Spells: 4/4 levels left

rFire   . . .        Y - +1 shortbow
rCold   . . .        (shield currently unavailable)
rNeg    . . .        e - +0 ring mail
rPois   .            (no helmet)
rElec   .            g - +1 cloak
rCorr   .            (no gloves)
SInv    .            (no boots)
Will    .....        c - amulet of regeneration
Stlth   +            (no ring)
HPRegen 1.04/turn    (no ring)
MPRegen 0.10/turn

%: no passive effects
@: weakened
A: no striking features
a: no special abilities


You were on level 4 of the Dungeon.
You visited 1 branch of the dungeon, and saw 4 of its levels.

You collected 228 gold pieces.


   Skills:
 - Level 1.5 Fighting
 + Level 8.9 Ranged Weapons
 - Level 2.4 Dodging
 - Level 1.2 Stealth


You had 4 spell levels left.
You didn't know any spells.
Your spell library was empty.

Inventory:

Hand Weapons
 Y - a +1 shortbow (weapon)
Armour
 e - a +0 ring mail (worn)
 g - a +1 cloak (worn)
Jewellery
 a - a +5 ring of evasion
 c - an amulet of regeneration (around neck)
Scrolls
 l - a scroll of identify
Potions
 b - a potion of curing
 d - a potion of resistance {unknown}
 f - a potion of lignification {unknown}
 h - a potion of haste {unknown}
 i - a potion of magic {unknown}
 j - 2 potions of mutation {unknown}

Dungeon Overview and Level Annotations

Branches:
Dungeon (4/15)
 Temple: D:4-7

Altars:

Shops:
D:1 (


Message History

The gnoll hits you from afar with a +0 halberd!
A gnoll bouda comes into view. It is wielding a +0 whip.
You shoot an arrow. The arrow hits the gnoll.
The gnoll is almost dead.
The gnoll closely misses you.
You shoot an arrow. The arrow barely misses the gnoll.
The gnoll bouda gazes fiercely through you!
You feel your attacks grow feeble.
You shoot an arrow. The arrow hits the gnoll bouda!
The gnoll bouda is moderately wounded.
You shoot an arrow. The arrow hits the gnoll bouda.
The gnoll bouda is heavily wounded.
The gnoll closely misses you.
The gnoll bouda gazes fiercely through you!
You feel as though you will be weak longer.
The gnoll bouda hits you with a +0 whip.
You shoot an arrow. The arrow hits the gnoll bouda.
The gnoll bouda is severely wounded.
The gnoll bouda closely misses you.
The gnoll hits you from afar with a +0 halberd!
You shoot an arrow.
The arrow hits the gnoll bouda but does no damage.
The gnoll bouda is severely wounded.
The gnoll bouda hits you but does no damage.
The gnoll hits you from afar with a +0 halberd!
You shoot an arrow.
The arrow barely misses the gnoll bouda.
You hear the slow hiss of a very distant avalanche of sand.
You hear a shout!
The gnoll bouda hits you with a +0 whip.
The gnoll closely misses you.
You shoot an arrow. The arrow hits the gnoll bouda.
The gnoll bouda is almost dead.
The gnoll bouda hits you with a +0 whip.
The gnoll barely misses you.
You shoot an arrow. The arrow hits the gnoll bouda.
The gnoll bouda is almost dead.
The gnoll bouda hits you with a +0 whip.
The gnoll hits you from afar with a +0 halberd!
You die...

...##.#
#.#.###.#
...##.#
#.......#
..###.#
###.#####
......#
##.##
.######
#...## .#
#.#)#.##
.#
#.##.##.##
.. #.#
#<###.# ..
#. #.. #@#
... # ##.
#g# ) g##
.g# .# ..
.. ##


You could see a gnoll bouda and 2 gnolls.

Vanquished Creatures
  Natasha (D:2)
  5 gnolls
  4 adders
  2 dart slugs
  An orc (D:3)
  7 endoplasms
  4 giant cockroaches
  6 goblins
  4 hobgoblins
  7 jackals
  3 quokkas (D:1)
  9 ball pythons
  4 bats
  2 frilled lizards (D:1)
  11 kobolds
  8 rats
78 creatures vanquished.

Notes
Turn   | Place    | Note
-------+----------+-------------------------------------------
     0 | D:1      | qw the Deep Elf Hunter began the quest for the Orb.
     0 | D:1      | Reached XP level 1. HP: 12/12 MP: 3/3
     0 | D:1      | 0 ||| qw: Version: 0.3-a-22-g0ed2b0b
     0 | D:1      | 0 ||| qw: Game counter: 5245
     0 | D:1      | 0 ||| qw: Melee chars always use a shield: true
     0 | D:1      | 0 ||| qw: God list: Okawaru
     0 | D:1      | 0 ||| qw: Allow faded altars: false
     0 | D:1      | 0 ||| qw: Do Orc after clearing Dungeon:15 true
     0 | D:1      | 0 ||| qw: Do second Lair branch before Depths: true
     0 | D:1      | 0 ||| qw: Lair rune preference: random
     0 | D:1      | 0 ||| qw: Goals: Normal
     0 | D:1      | 0 ||| PLANNING D:1-11
    83 | D:1      | Reached skill level 6 in Ranged Weapons
    83 | D:1      | Reached XP level 2. HP: 16/16 MP: 4/4
   128 | D:1      | Reached XP level 3. HP: 20/20 MP: 5/5
   396 | D:1      | Found Tuckar's Weapon Shoppe.
   509 | D:1      | 509 ||| UPGRADING to +0 ring mail.
   519 | D:1      | 519 ||| DROPPING +0 leather armour.
   520 | D:1      | 520 ||| UPGRADING to +1 cloak.
   525 | D:1      | 525 ||| DROPPING ring of wizardry.
   526 | D:1      | 526 ||| READING scroll labelled JUVUXTU HATT.
   530 | D:1      | 530 ||| DRINKING 2 bubbling yellow potions.
   531 | D:1      | 531 ||| DROPPING scroll of butterflies.
   532 | D:1      | 532 ||| DROPPING potion of degeneration.
   602 | D:2      | Reached skill level 7 in Ranged Weapons
   787 | D:2      | Reached XP level 4. HP: 15/25 MP: 6/6
   970 | D:2      | Noticed Natasha
   974 | D:2      | Killed Natasha
   975 | D:2      | Reached skill level 8 in Ranged Weapons
  1177 | D:2      | Reached XP level 5. HP: 29/29 MP: 7/7
  1575 | D:2      | 1575 ||| UPGRADING to amulet of regeneration.
  1580 | D:2      | 1580 ||| DROPPING amulet of guardian spirit.
  1581 | D:2      | 1581 ||| READING scroll labelled TEAVEE UQOQ.
  1582 | D:2      | 1582 ||| READING scroll labelled RYW HOSUDAGAK.
  1583 | D:2      | 1583 ||| READING 2 scrolls labelled TUT WIDYZOYSSI.
  1584 | D:2      | 1584 ||| DRINKING 3 dark potions.
  1585 | D:2      | 1585 ||| DROPPING 2 potions of attraction.
  1587 | D:2      | 1587 ||| Stepping ~*~*~tactically~*~*~ (cloud).
  1911 | D:3      | Found a faded altar of an unknown god.
  2147 | D:3      | 2147 ||| READING scroll labelled SUXESCHISEN.
  2148 | D:3      | 2148 ||| READING scroll labelled YVEEHUU RITIT.
  2186 | D:4      | 2186 ||| PLANNING OSSUARY
  2337 | D:4      | HP: 4/29 [gnoll bouda/+0 whip (5)]
  2337 | D:4      | Slain by a gnoll

Levels and vault maps discovered:
D:1:      heliophobic_arrival_henge, layout_rooms, serial_shops,
          nicolae_square_shop, serial_bayou_pond_b
D:2:      layout_loops_corners, uniq_natasha
D:3:      layout_rooms, hellmonk_ecumenical_altar_zigzags
D:4:      layout_loops_corners, enter_ossuary_2, serial_glass, glass_columns_a,
          glass_columns_a, minmay_strange_pillars, item_on_display_a,
          minmay_hedge_maze

Skill      XL: |  1  2  3  4 |
---------------+-------------+-----
Ranged Weapons | 6 7 8 |  8.9
Fighting       | |  1.5
Dodging        | |  2.4
Stealth        | |  1.2

Action                     |  1- 3 |  4- 6 || total
---------------------------+-------+-------++-------
   Fire: Shortbow          |    96 |   132 ||   228
    Use: Scroll            |     1 |     5 ||     6
         Potion            |     1 |     1 ||     2
 Armour: Leather armour    |     8 |       ||     8
         Ring mail         |     7 |    23 ||    30
  Dodge: Dodged            |    22 |    38 ||    60

Table legend:
 A = Non-vault XP
 B = Vault XP
 C = Vault XP percentage of total XP
 D = Non-vault monster count
 E = Vault monster count
 F = Vault count percentage of total count
                 A         B        C        D         E       F
            +---------+---------+-------+---------+---------+-------
      Total |     222 |      49 |  18.1 |      69 |       9 |  11.5
            +---------+---------+-------+---------+---------+-------
        D:1 |      41 |      13 |  24.1 |      16 |       8 |  33.3
        D:2 |     124 |      36 |  22.5 |      26 |       1 |   3.7
        D:3 |      47 |       0 |   0.0 |      22 |       0 |   0.0
        D:4 |      10 |       0 |   0.0 |       5 |       0 |   0.0
            +---------+---------+-------+---------+---------+-------
